 Dungeon Crawl Stone Soup version 0.21.1-1-g345015f (webtiles) character file.

147 Dfrag the Conjurer (level 5, -8/42 HPs)
             Began as a Naga Conjurer on Feb 11, 2018.
             Mangled by a gnoll
             ... wielding a +0 halberd
              (10 damage)
             ... on level 2 of the Dungeon.
             The game lasted 00:02:52 (1498 turns).

Dfrag the Conjurer (Naga Conjurer)                  Turns: 1498, Time: 00:02:53

Health: -8/42      AC:  3    Str: 10    XL:     5   Next: 29%
Magic:  5/10       EV: 10    Int: 17    God:
Gold:   91         SH:  0    Dex: 11    Spells: 8/11 levels left

rFire    . . .     SeeInvis +   i - +4 spear (pain)
rCold    . . .     Gourm    .   (no shield)
rNeg     . . .     Faith    .   h - +0 robe (curse)
rPois    +         Spirit   .   (no helmet)
rElec    .         Reflect  .   (no cloak)
rCorr    .         Harm     .   m - +0 pair of gloves
MR       .....                  (no barding)
Stlth    ++........             (no amulet)
HPRegen  0.14/turn              (no ring)
MPRegen  0.12/turn              (no ring)

@: very slow
A: large, see invisible, deformed body, poison resistance, slowness 2, slow
metabolism 1, spit poison 1, AC +1
a: Spit Poison


You were on level 2 of the Dungeon.
You were hungry.

You visited 1 branch of the dungeon, and saw 3 of its levels.

You collected 91 gold pieces.

Inventory:

Hand Weapons
 f - a +2 dagger of protection
 i - a +4 spear of pain (weapon)
Armour
 a - a +0 robe
 h - a cursed +0 robe (worn)
 m - a +0 pair of gloves (worn)
Jewellery
 o - an uncursed ring of protection from cold {unknown}
Scrolls
 d - a scroll of magic mapping {unknown}
 j - a scroll of amnesia {unknown}
 k - a scroll of fog {unknown}
 l - a scroll of enchant weapon {unknown}
 n - a scroll of identify {unknown}
Potions
 e - a potion of lignification {unknown}
 g - a potion of haste {unknown}
Books
 b - a book of Conjurations

   Spells                             Type                      Level
   a - Magic Dart                     Conjuration                  1
   b - Searing Ray                    Conjuration                  2
   c - Dazzling Spray                 Conjuration/Hexes            3
   d - Fulminant Prism                Conjuration/Hexes            4
   e - Force Lance                    Conjuration/Translocation    4
   f - Iskenderun's Mystic Blast      Conjuration                  4
Comestibles
 c - 9 rations
 p - 3 chunks of flesh


   Skills:
 - Level 1.5 Dodging
 - Level 3.0 Stealth
 + Level 3.7 Spellcasting
 + Level 5.3 Conjurations


You had 8 spell levels left.
You knew the following spells:

 Your Spells              Type           Power        Failure   Level  Hunger
a - Magic Dart            Conj           ###.         1%          1    None
b - Searing Ray           Conj           ###...       2%          2    ##.....


Dungeon Overview and Level Annotations

Branches:
Dungeon (3/15)

Altars:
Hepliaklqana


Innate Abilities, Weirdness & Mutations

You cannot wear boots.
Your serpentine skin is tough. (AC +1)
You have supernaturally acute eyesight. (SInv)
Armour fits poorly on your strangely shaped body.
Your system is resistant to poisons. (rPois)
You cover ground very slowly.
You have a slow metabolism.
You can spit poison.


Message History

(Press . to maintain the ray.)
You are feeling hungry.
The gnoll barely misses you.
The gnoll hits you from afar with a halberd.
* * * LOW HITPOINT WARNING * * *
The searing ray hits the gnoll.
The gnoll is severely wounded.
The gnoll hits you with a flail.
* * * LOW HITPOINT WARNING * * *
The gnoll hits you from afar with a halberd!
* * * LOW HITPOINT WARNING * * *
Unknown command.
The searing ray hits the gnoll.
You kill the gnoll!
Unknown command.
The searing ray hits the gnoll.
The gnoll is severely wounded.
You finish channeling your searing ray.
The gnoll hits you from afar with a halberd!
You die...

#..(###+###.# #.........#
#...(.'_###.###.#######.#
#.#.###'###..##.# #.# #.#.#
#.# #..##'#### #.#
#.#.###.###........# #.#
#.#......รท.g#......####.###
#.###....>'........+.......
#........)###......####.###
#####.....@)g......'.......
#.....###......####....
#.....# #......# #####
#####.# ###.#### #.# #.# #.#
#.# #.# ###.########### #.#
#.............. #.#
#..............


You could see a gnoll.

Vanquished Creatures
  An orc wizard (D:3)
  3 gnolls
  3 adders (D:2)
  2 worms (D:2)
  3 dart slugs (D:1)
  3 leopard geckos (D:1)
  2 orcs (D:3)
  5 giant cockroaches (D:1)
  4 hobgoblins
  10 kobolds
  A quokka (D:2)
  10 bats
  A frilled lizard (D:1)
  4 goblins
  7 rats
59 creatures vanquished.

Notes
Turn   | Place    | Note
-------+----------+-------------------------------------------
     0 | D:1      | Dfrag the Naga Conjurer began the quest for the Orb.
     0 | D:1      | Reached XP level 1. HP: 15/15 MP: 3/3
    42 | D:1      | Reached XP level 2. HP: 22/22 MP: 1/5
   298 | D:1      | Reached XP level 3. HP: 2/28 MP: 0/6
   746 | D:2      | Learned a level 2 spell: Searing Ray
   751 | D:2      | Reached XP level 4. HP: 36/36 MP: 1/8
  1167 | D:2      | Found a hazy altar of Hepliaklqana.
  1174 | D:2      | Reached skill level 5 in Conjurations
  1388 | D:3      | Reached XP level 5. HP: 42/42 MP: 4/10
  1496 | D:2      | HP: 2/42 [gnoll/halberd (8)]
  1498 | D:2      | Mangled by a gnoll

Skill      XL: |  1  2  3  4 |
---------------+-------------+-----
Spellcasting   | 3 |  3.7
Conjurations   | 5 |  5.3
Dodging        | |  1.5
Stealth        | |  3.0

Action                   |  1- 3 |  4- 6 || total
-------------------------+-------+-------++-------
Melee: Unarmed           |     7 |       ||     7
       Dagger            |     5 |       ||     5
       Spear             |     4 |    14 ||    18
 Cast: Magic Dart        |    44 |    22 ||    66
       Searing Ray       |       |     2 ||     2
 Abil: Spit Poison       |    27 |     4 ||    31
 Stab: Sleeping          |     1 |     1 ||     2
  Eat: Chunk             |     1 |     2 ||     3
Armor: Robe              |    13 |     2 ||    15
Dodge: Dodged            |    25 |    21 ||    46
